 Dungeon Crawl Stone Soup version 0.24.0-125-gc4c63601f3 (webtiles) character file.

Game seed: 14018013928409623814, levelgen mode: deterministic

171912 shakethe the Fighter (level 17, -2/140 HPs)
             Began as a Demonspawn Fighter on Mar 17, 2020.
             Was the Champion of Makhleb.
             Slain by an anaconda (3 damage)
             ... on level 4 of the Snake Pit.
             The game lasted 01:20:31 (30514 turns).

shakethe the Fighter (Demonspawn Fighter)          Turns: 30514, Time: 01:20:32

Health: -2/140     AC: 20    Str: 26    XL:     17   Next: 40%
Magic:  0/27       EV: 12    Int: 15    God:    Makhleb [******]
Gold:   3702       SH: 13    Dex: 11    Spells: 14/28 levels left

rFire    . . .     SeeInvis +   T - +10 quick blade (vamp)
rCold    + . .     Gourm    .   c - +0 shield
rNeg     . . .     Faith    .   y - +7 ring mail of Anaesthesia {Str+8}
rPois    +         Spirit   +   v - +0 helmet
rElec    +         Reflect  .   k - scarf {Spirit}
rCorr    .         Harm     .   u - +0 pair of gloves
MR       +....                  (no boots)
Stlth    ..........             V - amulet of regeneration
HPRegen  0.73/turn              z - ring of see invisible
MPRegen  0.20/turn              m - ring of Darkness {rElec rPois Dex-2 Slay+5}

@: lethally poisoned (-2 -> -5), about to teleport, slowed, constricted, very
slow
A: hooves 2, icy blue scales 3, demonic guardian 2, powered by pain 2
a: Minor Destruction, Lesser Servant of Makhleb, Major Destruction, Greater
Servant of Makhleb, Renounce Religion


You were on level 4 of the Snake Pit.
You worshipped Makhleb.
Makhleb was exalted by your worship.
You were not hungry.

You visited 5 branches of the dungeon, and saw 28 of its levels.

You collected 3822 gold pieces.
You spent 120 gold pieces at shops.

Inventory:

Hand Weapons
 P - the +6 morningstar "Juaqotwe" {crush, rElec MR+}
   (You found it on level 6 of the Lair of Beasts)

   It inflicts extra damage upon your enemies.
   It insulates you from electricity.
   It affects your resistance to hostile enchantments.
 T - a +10 vampiric quick blade (weapon)
Armour
 c - a +0 shield (worn)
 k - a scarf of spirit shield (worn)
 u - a +0 pair of gloves (worn)
 v - a +0 helmet (worn)
 y - the +7 ring mail of Anaesthesia (worn) {Str+8}
   (You found it on level 6 of the Dungeon)

   It affects your strength (+8).
 K - a scarf of repulsion
Jewellery
 a - an uncursed amulet of the acrobat
 e - an uncursed ring of magical power
 m - the ring of Darkness (right hand) {rElec rPois Dex-2 Slay+5}
   (You took it off a centaur on level 4 of the Dungeon)

   [ring of poison resistance]

   It affects your dexterity (-2).
   It affects your accuracy and damage with ranged weapons and melee attacks
   (+5).
   It insulates you from electricity.
   It protects you from poison.
 q - an uncursed amulet of magic regeneration
 z - a ring of see invisible (left hand)
 V - an amulet of regeneration (around neck)
Wands
 b - a wand of polymorph (31)
 d - a wand of iceblast (22)
 o - a wand of random effects (55)
 C - a wand of disintegration (17)
 D - a wand of flame (45)
 H - a wand of acid (5)
 Q - a wand of clouds (5)
 Y - a wand of digging (8)
Scrolls
 h - a scroll of fog
 i - 6 scrolls of teleportation
 j - 4 scrolls of immolation
 n - 2 scrolls of enchant weapon
 p - 18 scrolls of identify
 t - 18 scrolls of remove curse
 w - 3 scrolls of amnesia
 x - 2 scrolls of magic mapping
 G - 2 scrolls of enchant armour
 L - a scroll of fear
 N - a scroll of vulnerability
 R - a scroll of acquirement
 X - a scroll of silence
Potions
 g - 4 potions of flight {unknown}
 l - 6 potions of brilliance
 s - 8 potions of curing
 A - 2 potions of magic
 B - 3 potions of invisibility
 E - 6 potions of agility
 F - 7 potions of haste
 J - a potion of might
 M - a potion of heal wounds
 S - 2 potions of cancellation
 W - 2 potions of ambrosia
 Z - 4 potions of resistance
Miscellaneous
 I - a crystal ball of energy
Comestibles
 f - 51 rations


   Skills:
 + Level 14.7 Fighting
 - Level 10.0 Short Blades
 - Level 9.1 Armour
 + Level 10.7 Dodging
 + Level 11.0 Shields
 - Level 6.1 Spellcasting
 + Level 6.6 Charms
 + Level 3.7 Necromancy
 - Level 5.5 Translocations
 - Level 6.0 Transmutations
 - Level 8.4 Earth Magic
 + Level 13.4 Invocations


You had 14 spell levels left.
You knew the following spells:

 Your Spells              Type           Power        Failure   Level  Hunger
a - Passwall              Tmut/Erth      ####....     2%          2    #......
b - Lee's Rapid Deconstr  Erth           ####......   28%         5    ######.
c - Blink                 Tloc           N/A          5%          2    #......
d - Regeneration          Chrm/Necr      ###.......   12%         3    ##.....
e - Shroud of Golubria    Chrm/Tloc      ###...       4%          2    #......

Your spell library contained the following spells:

 Spells                   Type           Power        Failure   Level  Hunger
 Sandblast                Erth           ####..       1%          1    None
 Beastly Appendage        Tmut           ###...       2%          1    None
 Sticks to Snakes         Tmut           ###.....     4%          2    #......
 Animate Skeleton         Necr           N/A          8%          1    None
 Pain                     Necr           ###.         8%          1    None
 Gell's Gravitas          Tloc           ###.......   11%         3    ##.....
 Lesser Beckoning         Tloc           ###.......   11%         3    ##.....
 Teleport Other           Tloc           ###.....     11%         3    ##.....
 Swiftness                Chrm/Air       ##......     13%         2    #......
 Petrify                  Tmut/Erth      ####....     17%         4    ####...
 Stone Arrow              Conj/Erth      ###...       19%         3    ##.....
 Vampiric Draining        Necr           ###.......   22%         3    ##.....
 Spider Form              Tmut/Pois      ##........   30%         3    ##.....
 Corona                   Hex            #......      34%         1    None
 Shock                    Conj/Air       #...         34%         1    None
 Passage of Golubria      Tloc           N/A          34%         4    ####...
 Ensorcelled Hibernation  Hex/Ice        #.....       45%         2    #......
 Poisonous Vapours        Pois/Air       #.....       45%         2    #......
 Leda's Liquefaction      Hex/Erth       ###.......   52%         4    ####...
 Animate Dead             Necr           N/A          58%         4    ####...
 Blade Hands              Tmut           ###.......   61%         5    ######.
 Ice Form                 Ice/Tmut       ##......     69%         4    ####...
 Confuse                  Hex            #.......     71%         3    ##.....
 Conjure Flame            Conj/Fire      #.......     71%         3    ##.....
 Dazzling Spray           Conj/Hex       #.....       71%         3    ##.....
 Mephitic Cloud           Conj/Pois/Air  #.......     71%         3    ##.....
 Static Discharge         Conj/Air       #.......     71%         3    ##.....
 Tukima's Dance           Hex            #.......     71%         3    ##.....
 Statue Form              Tmut/Erth      ####.....    95%         6    #######
 Bolt of Magma            Conj/Fire/Erth ##........   96%         5    ######.
 Airstrike                Air            #.........   98%         4    ####...
 Lightning Bolt           Conj/Air       #.........   100%        5    ######.
 Freezing Cloud           Conj/Ice/Air   #.........   100%        6    #######
 Iron Shot                Conj/Erth      ###.......   100%        6    #######
 Ring of Flames           Chrm/Fire      ##........   100%        7    #######
 Shatter                  Erth           ####......   100%        9    #######


Dungeon Overview and Level Annotations

Branches:
Dungeon (15/15)            Temple (1/1) D:7            Lair (6/6) D:8
 Shoals (0/4) Lair:4        Snake (4/4) Lair:3        Slime (0/5) Lair:5
    Orc (2/2) D:9             Elf (0/3) Orc:2        Vaults (0/5) D:14
 Depths (0/5) D:15

Altars:
Ashenzari
Cheibriados
Dithmenos
Elyvilon
Fedhas
Gozag
Hepliaklqana
Kikubaaqudgha
Makhleb
Nemelex Xobeh
Okawaru
Qazlal
Ru
Sif Muna
Trog
Uskayaw
Vehumet
Wu Jian
Xom
Yredelemnul
Zin
The Shining One
Jiyva

Shops:
D:10 [   D:13 [   Orc:2 ([=[*   Snake:1 (   Snake:4 =}}

Portals:
Trove: D:11 (give +2 gold dragon scales)

Annotations:
Lair:4 exclusion: 2 oklob plants


Innate Abilities, Weirdness & Mutations

You have hoof-like feet.
You are completely covered in icy blue scales. (AC +4, rC+)
A demonic guardian rushes to your aid.
You sometimes gain power by taking damage.


Message History

The anaconda seems to slow down.
You block the anaconda's attack. The nagaraja closely misses you.
The naga sharpshooter shoots a bolt.
You block the bolt.
Your blizzard demon waves its arms in wide circles.
The air twists around and strikes the anaconda!!
The black mamba bites you but does no damage.
The anaconda is engulfed in freezing vapours.
The anaconda barely misses you. The naga misses you. The anaconda bites you.
* * * LOW HITPOINT WARNING * * *
The naga warrior hits you but does no damage.
* * * LOW HITPOINT WARNING * * *
The naga warrior constricts you.
The nagaraja is engulfed in freezing vapours.
The nagaraja barely misses you.
The anaconda is engulfed in freezing vapours.
You block the anaconda's attack.
Your blizzard demon is engulfed in freezing vapours.
The anaconda is engulfed in freezing vapours.
The anaconda seems to slow down.
The anaconda bites you.
You die...

## ##.#..# #### ..... ##.#..
.###....## ##..# ⌠.... #.....
..#....## ##...# .§.... #.#..#
...#..## ##....# ..§.# ##...#
#....## ##....######N..## ##.##
..#### ##...#####○°))...#####.#..
...# ##....# ##°2NN§..##..#...##
...# ##....####SSS°§####......###
#..# #....## #.N@S###........## #
...# #...## #.NNN.########...##
...# #...# ####...†))†...)###..##
..## #...# #..###.)(†..)(...##..#
...###...####..##########....#..#
..#.......#.#..###......))...#..#
((...#..#......##.......)...##..#
(..###...###...##.....#######...#
...# ##..# #...####.......# #...#


You could see a naga warrior, 3 nagarajas, 2 naga sharpshooters, 3 anacondas, a
black mamba, a naga and a friendly blizzard demon.

Vanquished Creatures
  3 nagarajas
  An orc warlord (Orc:2)
  2 dire elephants
  Azrael (Snake:3)
  A fire dragon (D:15)
  12 naga warriors
  5 vault guards (D:14)
  5 hydras
  An ice dragon (D:15)
  12 anacondas
  2 centaur warriors
  4 two-headed ogres
  12 death yaks
  An ogre mage (D:15)
  8 naga sharpshooters
  5 shock serpents
  2 orc high priests (Orc:2)
  2 fire crabs
  A salamander mystic (Snake:2)
  5 skeletal warriors
  An unseen horror (D:15)
  6 naga ritualists
  3 orc knights (Orc:2)
  14 mana vipers
  An obsidian statue (Snake:1)
  2 orc sorcerers (Orc:2)
  A deep elf mage (D:15)
  8 ugly things
  9 salamanders
  A wolf spider zombie (D:15)
  7 manticores
  A wolf spider (Lair:6)
  A moth of wrath (shapeshifter) (D:13)
  7 cyclopes
  5 guardian serpents
  19 naga magi
  Joseph (D:7)
  32 black mambas
  2 centaur zombies (D:13)
  10 spiny frogs
  2 orange demons (D:15)
  A gargoyle (D:15)
  2 tengu conjurers (D:14)
  5 rime drakes
  7 komodo dragons
  6 kobold demonologists
  2 red devils (D:15)
  10 polar bears (Lair:6)
  7 trolls
  5 hornets
  A queen bee (shapeshifter) (D:13)
  13 blink frogs
  Prince Ribbit (D:7)
  2 raiju (Lair:6)
  Grinder (D:4)
  8 hippogriffs
  8 slime creatures
  6 dream sheep (Lair:6)
  A hippogriff (shapeshifter) (D:15)
  A centaur simulacrum (D:15)
  2 redbacks (Lair:6)
  A wraith (D:12)
  A shadow (D:15)
  A vampire (D:15)
  52 yaks
  10 wyverns
  2 humans
  5 fire elementals (Snake:3)
  3 hogs
  3 basilisks
  4 vampire mosquitoes
  A golden eye (shapeshifter) (D:12)
  A hungry ghost (D:11)
  2 steam dragons
  Menkaure (D:5)
  33 nagas
  A soldier ant (D:13)
  8 wargs
  2 insubstantial wisps (Lair:6)
  An acid dragon (D:14)
  14 water moccasins
  Duvessa (D:5)
  10 porcupines
  12 hell hounds (Lair:6)
  A sky beast (D:11)
  7 ice beasts
  36 orc warriors
  4 phantoms
  11 black bears (Lair:6)
  29 wolves
  An eye of draining (D:10)
  2 necrophages
  15 ogres
  12 centaurs
  15 crocodiles
  9 big kobolds
  9 bullfrogs
  A gnoll sergeant (D:8)
  A wyvern zombie (D:9)
  A scorpion (shapeshifter) (D:15)
  4 scorpions
  7 killer bees (D:8)
  5 electric eels
  4 wights (D:12)
  3 howler monkeys (D:13)
  6 crimson imps
  2 quasits
  A bullfrog zombie (D:7)
  A bullfrog skeleton (D:6)
  8 jellies
  A wyvern simulacrum (D:14)
  10 hounds
  A hound (shapeshifter) (D:13)
  11 orc priests
  5 centaur skeletons
  6 iguanas
  Ijyb (D:4)
  18 orc wizards
  7 worker ants
  3 hell rats (Lair:5)
  A hound zombie (D:5)
  2 hound skeletons
  6 gnolls
  2 howler monkey skeletons
  11 adders
  4 shadow imps
  An ooze (Lair:5)
  An adder zombie (D:8)
  An adder skeleton (D:9)
  3 worms
  3 dart slugs
  6 leopard geckos
  59 orcs
  5 giant cockroaches
  4 goblins
  7 hobgoblins
  12 jackals
  32 kobolds
  7 quokkas
  A ball python (D:1)
  5 bats
  9 frilled lizards
  4 rats
  A butterfly (Lair:2)
  A fungus (Lair:5)
922 creatures vanquished.

Vanquished Creatures (collateral kills)
  2 nagarajas (Snake:4)
  2 naga warriors
  A catoblepas (Lair:1)
  3 death yaks (Lair:5)
  2 naga sharpshooters (Snake:4)
  2 orc high priests (Orc:2)
  A shock serpent (Snake:1)
  A naga ritualist (Snake:3)
  An orc knight (Orc:2)
  A mana viper (Snake:1)
  An elephant (Lair:1)
  4 guardian serpents (Snake:4)
  2 naga magi
  8 black mambas
  2 spiny frogs
  An orange demon (D:15)
  A komodo dragon (Lair:1)
  2 trolls (Orc:2)
  A red devil (D:15)
  A blink frog (Lair:6)
  A slime creature (D:12)
  A dream sheep (Lair:6)
  5 hippogriffs
  5 wyverns (Lair:6)
  7 yaks
  2 basilisks
  A hog (D:6)
  A warg (Lair:6)
  8 nagas
  5 water moccasins
  3 porcupines
  A hell hound (Lair:6)
  5 orc warriors
  An ice beast (D:7)
  A sky beast (D:7)
  A black bear (Lair:1)
  An eye of draining (D:15)
  3 ogres
  A wolf (Lair:6)
  A scorpion (D:8)
  Dowan (D:5)
  A killer bee (D:8)
  2 orc wizards (D:6)
  A bullfrog skeleton (D:13)
  4 hell rats (Lair:5)
  A bullfrog simulacrum (D:12)
  A howler monkey skeleton (D:7)
  A shadow imp (D:9)
  A leopard gecko (D:7)
  6 orcs
  4 kobolds
116 creatures vanquished.

Vanquished Creatures (others)
  An anaconda (Snake:4)
  A vampire (D:11)
  2 gnolls (D:8)
  An orc (Orc:1)
  A kobold (D:15)
  A bush (Lair:6)
  10 fungi
  27 plants
  7 toadstools (Lair:1)
51 creatures vanquished.

Grand Total: 1089 creatures vanquished

Notes
Turn   | Place    | Note
-------+----------+-------------------------------------------
     0 | D:1      | shakethe the Demonspawn Fighter began the quest for the
                  | Orb.
     0 | D:1      | Reached XP level 1. HP: 18/18 MP: 1/1
   189 | D:1      | Gained mutation: You have large cloven feet. [demonic
                  | ancestry]
   189 | D:1      | Reached XP level 2. HP: 24/24 MP: 2/2
   627 | D:1      | Found a shattered altar of Ashenzari.
  1099 | D:2      | Reached XP level 3. HP: 29/29 MP: 3/3
  1158 | D:2      | HP: 1/29 [worm (6)]
  1553 | D:2      | Reached skill level 1 in Dodging
  2160 | D:2      | Gained mutation: You are partially covered in icy blue
                  | scales. (AC +2) [demonic ancestry]
  2160 | D:2      | Reached XP level 4. HP: 37/37 MP: 4/4
  3163 | D:4      | Reached skill level 4 in Fighting
  3173 | D:4      | Noticed an ogre
  3189 | D:4      | Killed an ogre
  3189 | D:4      | Reached XP level 5. HP: 8/43 MP: 5/5
  3203 | D:4      | Noticed Ijyb
  3208 | D:4      | Killed Ijyb
  3220 | D:4      | HP: 2/43 [frilled lizard (2)]
  3787 | D:4      | Gained mutation: A weak demonic guardian rushes to your
                  | aid. [demonic ancestry]
  3787 | D:4      | Reached XP level 6. HP: 39/49 MP: 6/6
  4170 | D:4      | Identified the ring of Darkness {rElec rPois Dex-2 Slay+5}
  4193 | D:4      | Noticed Grinder
  4230 | D:5      | Entered Level 5 of the Dungeon
  4256 | D:5      | Reached skill level 5 in Fighting
  4386 | D:4      | Paralysed by Grinder for 2 turns
  4399 | D:4      | Killed Grinder
  4399 | D:4      | Gained mutation: You sometimes gain a little power by
                  | taking damage. [demonic ancestry]
  4399 | D:4      | Reached XP level 7. HP: 45/56 MP: 7/7
  5220 | D:5      | Noticed Duvessa
  5224 | D:5      | Noticed Dowan
  5231 | D:5      | Killed Duvessa
  5236 | D:5      | Killed Dowan
  5309 | D:5      | Reached skill level 6 in Fighting
  5548 | D:5      | Noticed Menkaure
  5561 | D:5      | Killed Menkaure
  5561 | D:5      | Gained mutation: You sometimes gain power by taking damage.
                  | [demonic ancestry]
  5561 | D:5      | Reached XP level 8. HP: 13/64 MP: 8/8
  5854 | D:5      | Found a shimmering blue altar of Sif Muna.
  6047 | D:6      | Got an ichor-stained ring mail
  6058 | D:6      | Identified the +7 ring mail of Anaesthesia {Str+8} (You
                  | found it on level 6 of the Dungeon)
  7294 | D:7      | Reached skill level 7 in Fighting
  7302 | D:7      | Reached skill level 5 in Armour
  7501 | D:7      | Noticed a hornet
  7517 | D:7      | Killed a hornet
  7517 | D:7      | Reached skill level 5 in Shields
  7517 | D:7      | Reached XP level 9. HP: 36/72 MP: 9/9
  7536 | D:7      | HP: 1/72 [orc warrior/+3 dire flail (16)]
  7543 | D:7      | HP: 1/72 [poisoned by a hornet]
  7615 | D:7      | Noticed Prince Ribbit
  7979 | D:7      | Found a staircase to the Ecumenical Temple.
  8052 | D:7      | Reached skill level 8 in Fighting
  8052 | D:7      | Reached skill level 5 in Short Blades
  8186 | D:7      | Noticed Joseph
  8205 | D:7      | Killed Joseph
  8248 | D:6      | Reached skill level 5 in Dodging
  8610 | D:7      | Killed Prince Ribbit
  8626 | D:7      | Reached skill level 9 in Fighting
  8642 | D:7      | Gained mutation: You have hoof-like feet. [demonic
                  | ancestry]
  8642 | D:7      | Reached XP level 10. HP: 78/83 MP: 10/10
  9010 | Temple   | Entered the Ecumenical Temple
  9357 | Temple   | Became a worshipper of Makhleb the Destroyer
  9662 | D:8      | Reached * piety under Makhleb
  9806 | D:8      | Found a staircase to the Lair.
 10406 | D:8      | Noticed a cyclops
 10415 | D:8      | Killed a cyclops
 10587 | D:9      | Reached skill level 10 in Fighting
 10660 | D:9      | Found a staircase to the Orcish Mines.
 10776 | D:9      | Got a jasper-encrusted scale mail
 10777 | D:9      | Identified the cursed +1 scale mail of Sif Muna's Fury
                  | {Regen+ Int+10} (You found it on level 9 of the Dungeon)
 10824 | D:9      | Reached ** piety under Makhleb
 10841 | D:9      | Reached XP level 11. HP: 72/92 MP: 11/11
 11297 | D:10     | Entered Level 10 of the Dungeon
 11447 | D:10     | Found Veokutex's Armour Shoppe.
 11501 | D:10     | Bought a scarf of repulsion for 120 gold pieces
 11910 | D:11     | Reached *** piety under Makhleb
 11922 | D:11     | Reached skill level 11 in Fighting
 11930 | D:11     | Noticed a centaur warrior
 11951 | D:11     | Killed a centaur warrior
 12009 | D:11     | Found a glowing golden altar of the Shining One.
 12021 | D:11     | Noticed a green ugly thing
 12033 | D:11     | Killed a green ugly thing
 12036 | D:11     | Noticed a two-headed ogre
 12047 | D:11     | Killed a two-headed ogre
 12365 | D:11     | Found a portal to a secret trove of treasure.
 12871 | D:12     | Noticed a red ugly thing
 12879 | D:12     | Killed a red ugly thing
 12924 | D:12     | Noticed a fire crab
 12940 | D:12     | Killed a fire crab
 12940 | D:12     | Reached XP level 12. HP: 39/101 MP: 12/12
 13242 | D:12     | Noticed a two-headed ogre
 13250 | D:12     | Killed a two-headed ogre
 13399 | D:12     | Reached skill level 12 in Fighting
 13401 | D:12     | Reached **** piety under Makhleb
 13450 | D:12     | Noticed a six-headed hydra
 13458 | D:12     | Killed a six-headed hydra
 13645 | D:12     | Reached skill level 1 in Invocations
 14420 | D:13     | Found Zigyarph's Antique Armour Emporium.
 14611 | D:14     | Noticed a vault guard
 14651 | D:14     | Reached ***** piety under Makhleb
 14744 | D:14     | Noticed a vault guard
 14783 | D:14     | Noticed a vault guard
 14798 | D:14     | Killed a vault guard
 14856 | D:14     | Killed a vault guard
 14904 | D:14     | Killed a vault guard
 14908 | D:14     | Reached XP level 13. HP: 103/109 MP: 15/15
 14967 | D:14     | Reached skill level 13 in Fighting
 15461 | D:14     | Found a gate to the Vaults.
 15604 | D:14     | Learned a level 2 spell: Passwall
 15610 | D:14     | Learned a level 5 spell: Lee's Rapid Deconstruction
 15633 | D:15     | Entered Level 15 of the Dungeon
 15673 | D:15     | Reached skill level 5 in Invocations
 15710 | D:15     | Reached skill level 1 in Transmutations
 15713 | D:15     | Reached skill level 1 in Spellcasting
 15713 | D:15     | Reached skill level 1 in Earth Magic
 16606 | D:15     | Gained mutation: A demonic guardian rushes to your aid.
                  | [demonic ancestry]
 16606 | D:15     | Reached XP level 14. HP: 118/118 MP: 18/20
 16628 | D:15     | Found a glowing golden altar of the Shining One.
 16719 | D:15     | Found a staircase to the Depths.
 17218 | Lair:1   | Entered Level 1 of the Lair of Beasts
 17360 | Lair:1   | Reached ****** piety under Makhleb
 17840 | Lair:1   | Found a runed translucent door.
 18080 | Lair:1   | Got a shimmering great mace
 18081 | Lair:1   | Identified the cursed +1 great mace "shakethe's Regret"
                  | {pain, -Tele rF+ Str+8 SInv} (You found it on level 1 of
                  | the Lair of Beasts)
 18308 | Lair:2   | Reached skill level 5 in Transmutations
 18353 | Lair:2   | Reached skill level 5 in Spellcasting
 18372 | Lair:2   | Reached skill level 5 in Earth Magic
 18731 | Lair:2   | Identified a scroll of acquirement
 18890 | Lair:2   | Found an iron altar of Okawaru.
 19898 | Lair:3   | Found a staircase to the Snake Pit.
 20708 | Lair:4   | Found a burning altar of Makhleb.
 20767 | Lair:4   | Found a staircase to the Shoals.
 21184 | Lair:5   | Found a runed translucent door.
 21189 | Lair:5   | Found a viscous altar of Jiyva.
 21190 | Lair:5   | Found a staircase to the Slime Pits.
 21206 | Lair:5   | Reached skill level 10 in Short Blades
 21500 | Lair:5   | Reached skill level 10 in Invocations
 21547 | Lair:5   | Learned a level 2 spell: Blink
 21551 | Lair:5   | Learned a level 3 spell: Regeneration
 21554 | Lair:5   | Learned a level 2 spell: Shroud of Golubria
 22190 | Orc:1    | Entered Level 1 of the Orcish Mines
 22773 | Orc:2    | Entered Level 2 of the Orcish Mines
 22810 | Orc:2    | Found a staircase to the Elven Halls.
 22842 | Orc:2    | Gained mutation: You are mostly covered in icy blue scales.
                  | (AC +3) [demonic ancestry]
 22842 | Orc:2    | Reached XP level 15. HP: 124/124 MP: 22/24
 22849 | Orc:2    | Reached skill level 1 in Charms
 22860 | Orc:2    | Paralysed by an orc sorcerer for 2 turns
 22868 | Orc:2    | Reached skill level 1 in Translocations
 23030 | Orc:2    | Found Fonicogh's General Store.
 23052 | Orc:2    | Noticed an orc warlord
 23060 | Orc:2    | Killed an orc warlord
 23097 | Orc:2    | Found Nobud's Antique Armour Boutique.
 23218 | Orc:2    | HP: 6/124 [sixfirhy[an orc high priest] (1)]
 23547 | Orc:2    | Found Puafrabb's Antique Armour Shop.
 23660 | Orc:2    | Found Buaju's Antique Weapon Shoppe.
 23769 | Orc:2    | Found Zockus Kini's Jewellery Shoppe.
 24040 | Orc:2    | orc
 24495 | Lair:6   | Entered Level 6 of the Lair of Beasts
 25254 | Lair:6   | Found a dark tunnel.
 26039 | Lair:6   | Got a transparent morningstar
 26040 | Lair:6   | Identified the +6 morningstar "Juaqotwe" {crush, rElec MR+}
                  | (You found it on level 6 of the Lair of Beasts)
 26162 | Snake:1  | Entered Level 1 of the Snake Pit
 26256 | Snake:1  | Got a glittering bone ring
 26288 | Snake:1  | Gained mutation: You are completely covered in icy blue
                  | scales. (AC +4, rC+) [demonic ancestry]
 26288 | Snake:1  | Reached XP level 16. HP: 98/132 MP: 17/25
 26323 | Snake:1  | Found Uraigeus's Weapon Shoppe.
 26709 | Snake:1  | Reached skill level 10 in Shields
 26938 | Snake:2  | Reached skill level 14 in Fighting
 27083 | Snake:2  | Identified the ring of Ubiymiuts {*Tele rN++} (You found it
                  | on level 1 of the Snake Pit)
 27609 | Snake:2  | Reached skill level 5 in Charms
 27641 | Snake:2  | Found an iron altar of Okawaru.
 28097 | Snake:3  | Reached skill level 5 in Translocations
 28101 | Snake:3  | Noticed Azrael
 28104 | Snake:3  | Reached skill level 10 in Dodging
 28114 | Snake:3  | Killed Azrael
 29403 | Snake:4  | Entered Level 4 of the Snake Pit
 29412 | Snake:4  | Reached skill level 1 in Necromancy
 29475 | Snake:4  | Reached XP level 17. HP: 140/140 MP: 8/26
 29921 | Snake:4  | Found Lemevirgh's Gadget Boutique.
 29922 | Snake:4  | Found Hozomuh's Jewellery Emporium.
 29923 | Snake:4  | Found Duol's Gadget Boutique.
 30514 | Snake:4  | HP: 6/140 [anaconda (4)]
 30514 | Snake:4  | HP: 1/140 [naga warrior/+0 flail (2)]
 30514 | Snake:4  | Slain by an anaconda

Levels and vault maps discovered:
D:1:      lemuel_arrival_lava_pool, layout_loops_corners, ashenzari_altar_1
D:2:      layout_loops_cross
D:3:      layout_loops_corners
D:4:      cheibrodos_barr_body, layout_basic, portal_sewer_entry_f, uniq_ijyb,
          uniq_grinder
D:5:      layout_rooms, kennysheep_mini, first_ration, uniq_menkaure,
          uniq_duvessa
D:6:      layout_layer_cave, minivault_24
D:7:      layout_gridville, minmay_temple_entry_sparse_star, grunt_livestock,
          uniq_prince_ribbit1, uniq_joseph
D:8:      layout_basic, grunt_lair_entry_orc_guard_hut
D:9:      layout_stronghold, david_orc_3
D:10:     layout_loops_ring, serial_shops, nicolae_shop_waterfront
D:11:     layout_loops_ring, basic_altar, nicolae_trove_entry_columns
D:12:     minmay_diamond_stairs, layout_basic
D:13:     layout_cave_pools, serial_shops, kennysheep_mini_moat
D:14:     layout_cave_pools, grunt_vaults_entry_fortified, serial_column_ruins,
          column_ruins_hut_ruined, column_ruins_square_huge,
          column_ruins_open_tiny, column_ruins_open_tiny, column_ruins_grid_3,
          column_ruins_open_small, column_ruins_grid_1
D:15:     grunt_enter_depths_hoard, layout_loops_ring, serial_bayou,
          serial_bayou_shore_b, serial_bayou_pond_d, serial_bayou_pond_e,
          serial_bayou_lake_a, nicolae_tso_swordbearing_angel,
          minmay_beelzebubs_servants
Temple:   nicolae_temple_the_god_donut
Lair:1:   gammafunk_lair_enchanted_lake, layout_cave_shapes, minivault_25,
          serial_bayou_shore_a, grunt_megastairs_4
Lair:2:   layout_layer_cave, basic_altar, beast_lair_carwin_10,
          infiniplex_staircase_pool_2, lemuel_fruit_fields, grunt_megastairs_1
Lair:3:   layout_regular_city, dummy_snake_entry, grunt_megastairs_2
Lair:4:   layout_long_grid, minmay_shoals_entry_beasts, basic_altar,
          minmay_lair_oklob_chamber
Lair:5:   beast_lair_carwin_large_4, layout_gridlike, slime_altar_2
Lair:6:   hangedman_lair_tendril_chambers, layout_regular_city,
          hangedman_lair_caniforms_friends, nicolae_volcano_entry_lava_flow,
          minivault_24, st_stairs_7, pond
Snake:1:  layout_onion, serial_shops, shop, dpeg_stationary_puzzle
Snake:2:  layout_chambers, basic_altar
Snake:3:  layout_chambers, uniq_azrael
Snake:4:  grunt_snake_rune_serpentine_throne, layout_concentric_octagons,
          minmay_shop_grove, uniq_aizul
Orc:1:    layout_caves
Orc:2:    grunt_orc_gardens, layout_caves, grunt_orc_garden, grunt_orc_garden,
          grunt_orc_garden, grunt_orc_garden, serial_shops, nicolae_shop_crystal

Skill      XL: |  1  2  3  4  5  6  7  8  9 10 11 12 13 14 15 16 17 |
---------------+----------------------------------------------------+-----
Short Blades   | 2 3 4 5 6 7 8 10 | 10.0
Armour         | 3 4 5 6 8 9 |  9.1
Shields        | 3 4 5 6 7 8 9 10 11 | 11.0
Dodging        | 1 2 3 4 5 6 7 8 9 10 | 10.7
Fighting       | 4 5 6 7 9 10 11 12 13 14 | 14.7
Invocations    | 3 7 10 11 12 13 | 13.4
Transmutations | 4 6 |  6.0
Spellcasting   | 4 6 |  6.1
Earth Magic    | 4 6 7 8 |  8.4
Charms         | 4 5 6 |  6.6
Translocations | 4 5 |  5.5
Necromancy     | 1 3 |  3.7

Action                   |  1- 3 |  4- 6 |  7- 9 | 10-12 | 13-15 | 16-18 || total
-------------------------+-------+-------+-------+-------+-------+-------++-------
Melee: Rapier            |   147 |   182 |    44 |       |       |       ||   373
       Kick              |    22 |    52 |   142 |   352 |   887 |   378 ||  1833
       Dagger            |       |       |   373 |   842 |  1945 |       ||  3160
       Quick blade       |       |       |       |       |    58 |   929 ||   987
Invok: Major Destruction |       |       |       |       |       |     1 ||     1
       Greater Servant o |       |       |       |       |       |     1 ||     1
  Use: Potion            |     2 |     9 |     2 |     3 |     3 |     1 ||    20
       Scroll            |     1 |       |       |    10 |    16 |     5 ||    32
 Stab: Distracted        |       |       |     1 |     3 |     8 |     3 ||    15
  Eat: Chunk             |     3 |     4 |     7 |    11 |    32 |     2 ||    59
       Ration            |       |     1 |     2 |     3 |     2 |     4 ||    12
Armor: Scale mail        |    58 |       |       |       |       |       ||    58
       Plate armour      |    12 |    97 |    90 |       |       |       ||   199
       Ring mail         |       |       |    95 |   212 |   519 |   146 ||   972
Dodge: Dodged            |    31 |    16 |   120 |   275 |   757 |   210 ||  1409
       Deflected         |       |       |       |    14 |     9 |       ||    23
Block: Shield            |    73 |    83 |   217 |   361 |   949 |   335 ||  2018
